[ AOE2 MATCH · #473045232 ]
Team RMCumans vs Burgundians
[ REPLAY ANALYSIS · EXTRACTED FROM THE RECORDED GAME ]
Feudal
—
Castle
—
Imperial
—
| APM avg | 45.9 |
| APM peak | 200 |
| eAPM avg | 41.2 |
| Villagers / military | 85 / 295 |
Focus
⚔️ 16.5% · 🌾 83.5%
Spearman ×201 · Knight ×83 · Trebuchet (Packed) ×10 · Monk ×1
Feudal
—
Castle
—
Imperial
—
| APM avg | 15.2 |
| APM peak | 41 |
| eAPM avg | 10.2 |
| Villagers / military | 98 / 213 |
Focus
⚔️ 30.3% · 🌾 69.7%
Spearman ×142 · Archer ×27 · Cavalry Archer ×20 · Fishing Ship ×15 · Skirmisher ×10 · Battering Ram ×8
Feudal
—
Castle
—
Imperial
—
| APM avg | 7.1 |
| APM peak | 19 |
| eAPM avg | 4.5 |
| Villagers / military | 23 / 97 |
Focus
⚔️ 30.1% · 🌾 69.9%
Knight ×37 · Spearman ×32 · Scout Cavalry ×13 · Coustillier ×12 · Fishing Ship ×6 · Monk ×3
Feudal
—
Castle
—
Imperial
—
| APM avg | 10.1 |
| APM peak | 26 |
| eAPM avg | 6.9 |
| Villagers / military | 99 / 256 |
Focus
⚔️ 37.4% · 🌾 62.6%
Knight ×111 · Scout Cavalry ×60 · Spearman ×38 · Battering Ram ×37 · Mangonel ×10
Feudal
—
Castle
—
Imperial
—
| APM avg | 12.6 |
| APM peak | 32 |
| eAPM avg | 8.5 |
| Villagers / military | 57 / 182 |
Focus
⚔️ 46.9% · 🌾 53.1%
Knight ×92 · Spearman ×48 · Arambai ×25 · Trade Cart ×17 · Trebuchet (Packed) ×6 · Battle Elephant ×5
Feudal
—
Castle
—
Imperial
—
| APM avg | 28.8 |
| APM peak | 103 |
| eAPM avg | 13.2 |
| Villagers / military | 100 / 47 |
Focus
⚔️ 25.4% · 🌾 74.6%
Knight ×25 · Throwing Axeman ×7 · Monk ×4 · Militia ×3 · Scout Cavalry ×3 · Battering Ram ×3
Feudal
—
Castle
—
Imperial
—
| APM avg | 12.2 |
| APM peak | 27 |
| eAPM avg | 8.4 |
| Villagers / military | 90 / 121 |
Focus
⚔️ 38.7% · 🌾 61.3%
Spearman ×68 · Knight ×29 · Bombard Cannon ×9 · Fishing Ship ×8 · Scout Cavalry ×6 · Monk ×3
Feudal
—
Castle
—
Imperial
—
| APM avg | 12.4 |
| APM peak | 49 |
| eAPM avg | 10.2 |
| Villagers / military | 43 / 380 |
Focus
⚔️ 71.3% · 🌾 28.7%
Skirmisher ×255 · Spearman ×87 · Longbowman ×29 · Fishing Ship ×14 · Archer ×4 · Unknown (2626) ×3
Match map
Resources at game start + every placement click. Thick line = wall · dashed box = detected house wall. 🟡 gold · ⚪ stone · 🟢 berries · 🔶 boar · ⭕ relic
Inputs per minute
— Mr Duddz - - r
Build order — Mr Duddz
First 150 of 900 actions detected
| 2:05 | Build | Town Center |
| 3:45 | Research | Loom |
| 3:54 | Build | House |
| 4:05 | Create | Villager (Male) |
| 4:05 | Create | Villager (Male) |
| 4:05 | Create | Villager (Male) |
| 4:06 | Create | Villager (Male) |
| 4:06 | Create | Villager (Male) |
| 4:06 | Create | Villager (Male) |
| 4:27 | Build | Mining Camp |
| 5:02 | Build | Mill |
| 5:08 | Create | Villager (Male) |
| 5:08 | Create | Villager (Male) |
| 5:09 | Create | Villager (Male) |
| 5:09 | Create | Villager (Male) |
| 5:22 | Build | House |
| 5:30 | Create | Villager (Male) |
| 5:46 | Create | Villager (Male) |
| 5:51 | Build | House |
| 8:48 | Research | Feudal Age |
| 10:14 | Build | House |
| 10:23 | Build | House |
| 11:02 | Research | Wheelbarrow |
| 11:17 | Create | Villager (Male) |
| 11:17 | Create | Villager (Male) |
| 11:20 | Research | Horse Collar |
| 11:48 | Build | Town Center |
| 11:53 | Create | Villager (Male) |
| 12:30 | Build | House |
| 12:42 | Create | Villager (Male) |
| 12:43 | Create | Villager (Male) |
| 13:03 | Build | House |
| 13:35 | Build | Farm |
| 13:39 | Build | Farm |
| 13:55 | Create | Villager (Male) |
| 14:09 | Build | Farm |
| 14:23 | Create | Villager (Male) |
| 14:38 | Build | Farm |
| 14:50 | Create | Villager (Male) |
| 14:50 | Create | Villager (Male) |
| 15:11 | Build | Farm |
| 15:11 | Build | Farm |
| 15:11 | Build | Farm |
| 15:11 | Build | Farm |
| 15:11 | Build | Farm |
| 15:11 | Build | Farm |
| 15:11 | Build | Farm |
| 15:11 | Build | Farm |
| 15:11 | Build | Farm |
| 15:11 | Build | Farm |
| 15:11 | Build | Farm |
| 15:11 | Build | Farm |
| 15:11 | Build | Farm |
| 15:11 | Build | Farm |
| 15:11 | Build | Farm |
| 15:11 | Build | Farm |
| 15:26 | Create | Villager (Male) |
| 15:29 | Create | Villager (Male) |
| 16:12 | Build | Farm |
| 16:12 | Build | Farm |
| 16:12 | Build | Farm |
| 16:12 | Build | Farm |
| 16:12 | Build | Farm |
| 16:12 | Build | Farm |
| 16:13 | Build | Farm |
| 16:13 | Build | Farm |
| 16:18 | Create | Villager (Male) |
| 16:21 | Create | Villager (Male) |
| 16:37 | Build | Farm |
| 16:37 | Build | Farm |
| 16:37 | Build | Farm |
| 16:37 | Build | Farm |
| 16:37 | Build | Farm |
| 16:37 | Build | Farm |
| 16:37 | Build | Farm |
| 16:43 | Build | Farm |
| 16:48 | Create | Villager (Male) |
| 17:02 | Build | Farm |
| 17:02 | Build | Farm |
| 17:02 | Build | Farm |
| 17:02 | Build | Farm |
| 17:02 | Build | Farm |
| 17:13 | Build | Farm |
| 17:15 | Create | Villager (Male) |
| 17:15 | Create | Villager (Male) |
| 17:26 | Build | Farm |
| 17:26 | Build | Farm |
| 17:27 | Build | Farm |
| 17:27 | Build | Farm |
| 17:40 | Build | Farm |
| 17:40 | Create | Villager (Male) |
| 17:49 | Create | Villager (Male) |
| 18:06 | Build | Farm |
| 18:14 | Build | Farm |
| 18:56 | Build | Lumber Camp |
| 19:32 | Build | Palisade Wall |
| 20:42 | Build | Blacksmith |
| 20:57 | Create | Villager (Male) |
| 20:57 | Create | Villager (Male) |
| 20:59 | Create | Villager (Male) |
| 20:59 | Create | Villager (Male) |
| 21:26 | Build | Barracks |
| 22:07 | Create | Villager (Male) |
| 22:07 | Create | Villager (Male) |
| 22:09 | Create | Villager (Male) |
| 22:09 | Create | Villager (Male) |
| 22:22 | Build | Stable |
| 22:26 | Research | Double-Bit Axe |
| 22:49 | Build | House |
| 22:52 | Build | House |
| 22:54 | Build | House |
| 22:57 | Build | House |
| 23:05 | Research | Castle Age |
| 23:07 | Create | Villager (Male) |
| 23:08 | Create | Villager (Male) |
| 23:08 | Create | Villager (Male) |
| 23:08 | Create | Villager (Male) |
| 23:08 | Create | Villager (Male) |
| 23:10 | Create | Villager (Male) |
| 23:30 | Build | Stable |
| 23:34 | Build | House |
| 23:41 | Build | House |
| 23:52 | Build | Palisade Gate |
| 24:08 | Research | Gold Mining |
| 24:48 | Build | Stable |
| 25:11 | Build | Mill |
| 25:48 | Build | Castle |
| 25:58 | Research | Hand Cart |
| 26:33 | Create | Monk |
| 27:27 | Research | Imperial Age |
| 28:26 | Create | Knight |
| 28:27 | Create | Knight |
| 28:27 | Create | Knight |
| 28:27 | Create | Knight |
| 28:31 | Research | Bloodlines |
| 28:32 | Create | Knight |
| 28:33 | Create | Knight |
| 28:33 | Create | Knight |
| 28:33 | Create | Knight |
| 28:51 | Research | Heavy Plow |
| 28:56 | Create | Knight |
| 28:56 | Create | Knight |
| 29:09 | Create | Knight |
| 29:32 | Create | Knight |
| 29:32 | Create | Knight |
| 29:33 | Create | Knight |
| 29:52 | Create | Knight |
| 29:52 | Create | Knight |
| 29:53 | Create | Knight |
| 30:54 | Research | Cavalier (upgrade) |
Build order — r
First 150 of 383 actions detected
| 0:11 | Build | Lumber Camp |
| 3:52 | Build | Dock |
| 4:54 | Create | Fishing Ship |
| 4:54 | Create | Fishing Ship |
| 4:59 | Build | House |
| 6:06 | Build | Town Center |
| 6:24 | Build | House |
| 6:35 | Create | Fishing Ship |
| 7:25 | Create | Villager (Male) |
| 7:25 | Create | Villager (Male) |
| 7:26 | Create | Villager (Male) |
| 7:27 | Create | Villager (Male) |
| 8:12 | Create | Villager (Male) |
| 8:29 | Create | Villager (Male) |
| 8:31 | Create | Villager (Male) |
| 8:38 | Create | Fishing Ship |
| 8:51 | Create | Villager (Male) |
| 9:31 | Create | Villager (Male) |
| 9:37 | Build | House |
| 9:43 | Build | House |
| 9:46 | Create | Villager (Male) |
| 9:47 | Create | Villager (Male) |
| 9:59 | Create | Fishing Ship |
| 11:00 | Create | Villager (Male) |
| 11:10 | Build | House |
| 11:41 | Build | Mill |
| 12:11 | Build | House |
| 12:14 | Research | Feudal Age |
| 12:37 | Build | Farm |
| 12:47 | Create | Fishing Ship |
| 12:50 | Create | Fishing Ship |
| 12:57 | Build | House |
| 13:03 | Create | Villager (Male) |
| 13:05 | Create | Villager (Male) |
| 13:05 | Create | Villager (Male) |
| 13:48 | Build | House |
| 13:54 | Create | Villager (Male) |
| 13:59 | Create | Fishing Ship |
| 14:00 | Create | Fishing Ship |
| 14:02 | Create | Fishing Ship |
| 14:24 | Build | Barracks |
| 14:49 | Create | Villager (Male) |
| 15:12 | Build | House |
| 15:27 | Build | Blacksmith |
| 15:31 | Build | Farm |
| 15:45 | Build | Dock |
| 15:47 | Create | Villager (Male) |
| 15:50 | Research | Wheelbarrow |
| 15:52 | Research | Loom |
| 16:06 | Research | Double-Bit Axe |
| 16:23 | Build | Farm |
| 16:34 | Build | Farm |
| 17:22 | Create | Fire Galley |
| 17:28 | Create | Villager (Male) |
| 17:42 | Build | Archery Range |
| 17:46 | Create | Spearman |
| 17:47 | Create | Spearman |
| 17:50 | Create | Spearman |
| 18:07 | Research | Tech 906 |
| 18:08 | Create | Fishing Ship |
| 18:08 | Create | Fishing Ship |
| 18:45 | Create | Villager (Male) |
| 18:47 | Create | Villager (Male) |
| 19:14 | Build | Farm |
| 19:22 | Build | Market |
| 19:28 | Build | Farm |
| 19:32 | Build | Farm |
| 19:34 | Create | Villager (Male) |
| 19:34 | Create | Villager (Male) |
| 19:35 | Create | Villager (Male) |
| 19:35 | Create | Villager (Male) |
| 19:51 | Create | Villager (Male) |
| 19:52 | Create | Villager (Male) |
| 20:20 | Build | Mining Camp |
| 21:03 | Build | Farm |
| 21:25 | Build | Farm |
| 21:28 | Build | Farm |
| 21:28 | Create | Villager (Male) |
| 21:28 | Create | Villager (Male) |
| 21:29 | Create | Villager (Male) |
| 21:30 | Create | Villager (Male) |
| 21:39 | Research | Gold Mining |
| 21:45 | Build | Farm |
| 21:51 | Create | Skirmisher ×5 |
| 21:54 | Create | Skirmisher ×5 |
| 21:58 | Build | House |
| 22:00 | Build | House |
| 22:06 | Build | House |
| 22:07 | Build | House |
| 22:24 | Create | Villager (Male) |
| 22:36 | Create | Unit 2626 |
| 22:40 | Create | Unit 2626 |
| 22:46 | Create | Unit 2626 |
| 22:47 | Create | Fishing Ship |
| 22:50 | Create | Fishing Ship |
| 22:52 | Create | Fishing Ship |
| 23:33 | Research | Castle Age |
| 24:22 | Create | Fire Galley |
| 24:26 | Create | Galley |
| 25:09 | Build | Fish Trap |
| 25:11 | Build | Fish Trap |
| 25:13 | Build | House |
| 25:15 | Build | House |
| 25:15 | Build | House |
| 25:20 | Build | House |
| 25:36 | Build | Fish Trap |
| 26:15 | Create | Villager (Male) |
| 26:25 | Build | Archery Range |
| 26:29 | Research | Padded Archer Armor |
| 26:31 | Research | Fletching |
| 26:31 | Research | Forging |
| 26:35 | Create | Villager (Male) |
| 26:35 | Create | Villager (Male) |
| 26:36 | Create | Villager (Male) |
| 27:32 | Create | Villager (Male) |
| 27:34 | Research | Hand Cart |
| 27:39 | Research | Bow Saw |
| 27:44 | Create | Demolition Raft |
| 27:45 | Create | Demolition Raft |
| 27:45 | Create | Demolition Raft |
| 27:56 | Build | Town Center |
| 28:09 | Build | Town Center |
| 28:11 | Create | Villager (Male) |
| 28:11 | Create | Villager (Male) |
| 28:17 | Research | Pikeman (upgrade) |
| 28:18 | Research | Squires |
| 28:18 | Create | Spearman ×5 |
| 28:19 | Create | Spearman ×5 |
| 28:19 | Create | Spearman ×5 |
| 28:23 | Research | Crossbowman (upgrade) |
| 28:28 | Create | Villager (Male) |
| 28:28 | Create | Villager (Male) |
| 28:31 | Research | Stone Mining |
| 28:56 | Create | Villager (Male) |
| 29:11 | Research | Elite Skirmisher (upgrade) |
| 29:16 | Create | Villager (Male) |
| 29:42 | Create | Villager (Male) |
| 29:42 | Create | Villager (Male) |
| 29:43 | Create | Villager (Male) |
| 29:44 | Create | Villager (Male) |
| 29:50 | Create | Villager (Male) |
| 29:51 | Create | Villager (Male) |
| 29:52 | Create | Villager (Male) |
| 29:53 | Create | Villager (Male) |
| 30:16 | Create | Villager (Male) |
| 30:20 | Research | Thumb Ring |
| 30:20 | Create | Archer |
| 30:20 | Create | Archer |
| 30:25 | Create | Archer ×5 |
| 30:25 | Create | Archer ×5 |
Build order — kamikaze21_
130 actions detected in the replay
| 3:12 | Build | Town Center |
| 3:30 | Build | House |
| 3:38 | Build | House |
| 4:25 | Create | Villager (Male) ×4 |
| 5:08 | Create | Villager (Male) |
| 5:15 | Research | Loom |
| 6:13 | Build | Lumber Camp |
| 6:21 | Research | Wheelbarrow |
| 7:49 | Build | Mining Camp |
| 8:03 | Create | Villager (Male) |
| 8:29 | Research | Feudal Age |
| 9:25 | Build | Dock |
| 10:04 | Create | Fishing Ship |
| 10:13 | Create | Fishing Ship |
| 10:48 | Build | Watch Tower |
| 10:53 | Research | Town Watch |
| 11:13 | Build | House |
| 11:23 | Create | Villager (Male) |
| 11:41 | Create | Villager (Male) |
| 11:47 | Build | Mill |
| 12:29 | Build | Watch Tower |
| 12:32 | Create | Villager (Male) |
| 12:33 | Create | Villager (Male) |
| 12:52 | Create | Villager (Male) |
| 13:39 | Build | Market |
| 13:52 | Build | Farm |
| 14:01 | Build | House |
| 14:38 | Create | Villager (Male) |
| 14:50 | Build | Blacksmith |
| 15:01 | Create | Villager (Male) |
| 15:09 | Build | Farm |
| 15:13 | Build | Farm |
| 15:40 | Build | Farm |
| 15:42 | Build | Farm |
| 16:03 | Create | Fishing Ship |
| 16:05 | Create | Villager (Male) |
| 16:25 | Build | Farm |
| 16:43 | Build | Farm |
| 17:13 | Build | House |
| 17:39 | Research | Castle Age |
| 17:51 | Build | Mill |
| 18:24 | Research | Horse Collar |
| 19:39 | Build | Barracks |
| 20:35 | Build | Stable |
| 20:51 | Create | Monk |
| 21:07 | Create | Villager (Male) |
| 21:14 | Create | Villager (Male) |
| 21:14 | Create | Villager (Male) |
| 21:30 | Research | Gold Mining |
| 21:35 | Research | Cavalier (upgrade) |
| 21:36 | Create | Knight |
| 21:36 | Create | Knight |
| 21:36 | Create | Knight |
| 22:05 | Create | Villager (Male) |
| 22:20 | Create | Fishing Ship |
| 22:38 | Create | Villager (Male) |
| 22:43 | Research | Husbandry |
| 22:48 | Research | Double-Bit Axe |
| 23:16 | Create | Knight ×3 |
| 23:33 | Create | Villager (Male) |
| 23:33 | Create | Villager (Male) |
| 23:59 | Create | Fishing Ship |
| 24:08 | Create | Villager (Male) |
| 24:37 | Research | Bow Saw |
| 24:50 | Build | House |
| 25:16 | Create | Knight ×5 |
| 25:17 | Create | Knight ×5 |
| 25:17 | Create | Knight ×5 |
| 25:17 | Create | Knight ×3 |
| 25:26 | Build | House |
| 25:35 | Build | Farm |
| 26:09 | Build | House |
| 26:10 | Build | House |
| 26:24 | Build | Farm |
| 26:33 | Research | Scale Barding Armor |
| 26:35 | Research | Forging |
| 26:59 | Create | Fishing Ship |
| 27:20 | Build | Stone Wall |
| 28:51 | Research | Hand Cart |
| 29:09 | Research | Sanctity |
| 29:09 | Research | Fervor |
| 29:10 | Create | Monk |
| 29:11 | Create | Monk |
| 30:12 | Create | Villager (Male) |
| 30:55 | Build | University |
| 31:01 | Research | Chain Barding Armor |
| 31:58 | Research | Imperial Age |
| 31:59 | Research | Imperial Age |
| 32:05 | Build | Farm |
| 32:07 | Build | Farm |
| 32:13 | Research | Heavy Plow |
| 32:49 | Build | Farm |
| 33:27 | Create | Knight |
| 33:28 | Create | Knight |
| 33:43 | Research | Crop Rotation |
| 33:57 | Build | Castle |
| 35:03 | Research | Fortified Wall (upgrade) |
| 35:08 | Research | Two-Man Saw |
| 35:16 | Create | Knight |
| 35:16 | Create | Knight |
| 35:19 | Research | Light Cavalry (upgrade) |
| 35:20 | Create | Scout Cavalry ×2 |
| 35:20 | Create | Scout Cavalry ×2 |
| 35:30 | Build | Farm |
| 36:57 | Create | Knight |
| 36:58 | Create | Knight |
| 37:02 | Research | Squires |
| 37:03 | Create | Spearman ×5 |
| 37:03 | Create | Spearman ×5 |
| 38:19 | Create | Knight ×2 |
| 38:19 | Create | Knight ×2 |
| 38:34 | Research | Pikeman (upgrade) |
| 38:49 | Build | Farm |
| 38:55 | Build | Farm |
| 39:50 | Create | Coustillier ×5 |
| 39:51 | Create | Coustillier ×5 |
| 39:51 | Create | Coustillier ×2 |
| 40:29 | Build | Farm |
| 40:37 | Create | Knight |
| 40:38 | Create | Knight |
| 40:38 | Create | Scout Cavalry ×4 |
| 40:39 | Create | Scout Cavalry ×4 |
| 42:33 | Create | Knight |
| 42:37 | Create | Spearman ×5 |
| 42:37 | Create | Spearman ×5 |
| 42:38 | Create | Spearman ×5 |
| 42:38 | Create | Spearman ×5 |
| 43:28 | Research | Burgundian Vineyards |
| 43:42 | Create | Spearman ×2 |
| 43:45 | Create | Scout Cavalry |
Build order — Debra
First 150 of 252 actions detected
| 0:16 | Build | Mill |
| 3:20 | Build | Town Center |
| 3:43 | Build | House |
| 3:48 | Build | House |
| 3:49 | Build | House |
| 4:22 | Create | Villager (Male) ×5 |
| 4:54 | Create | Villager (Male) ×2 |
| 5:50 | Create | Villager (Male) ×2 |
| 6:42 | Build | Lumber Camp |
| 7:17 | Build | Mill |
| 7:48 | Create | Villager (Male) |
| 7:50 | Create | Villager (Male) |
| 7:53 | Create | Villager (Male) |
| 7:53 | Create | Villager (Male) |
| 7:54 | Research | Loom |
| 8:23 | Build | Farm |
| 8:24 | Build | Farm |
| 9:04 | Build | Barracks |
| 9:07 | Build | House |
| 9:22 | Build | Mining Camp |
| 10:09 | Research | Feudal Age |
| 11:09 | Build | Barracks |
| 11:19 | Build | House |
| 11:20 | Build | House |
| 11:21 | Build | House |
| 11:34 | Build | Lumber Camp |
| 12:30 | Research | Horse Collar |
| 12:32 | Research | Double-Bit Axe |
| 12:35 | Create | Villager (Male) ×2 |
| 12:48 | Build | Watch Tower |
| 13:05 | Build | Farm |
| 13:06 | Build | Farm |
| 13:15 | Build | Farm |
| 13:16 | Build | Farm |
| 13:17 | Build | Farm |
| 13:41 | Research | Wheelbarrow |
| 14:12 | Research | Town Watch |
| 14:15 | Create | Villager (Male) ×3 |
| 14:41 | Build | Stable |
| 15:50 | Build | Mill |
| 15:54 | Build | Farm |
| 16:02 | Create | Scout Cavalry |
| 16:02 | Create | Scout Cavalry |
| 16:03 | Create | Scout Cavalry |
| 16:03 | Create | Scout Cavalry |
| 16:19 | Build | Blacksmith |
| 16:26 | Create | Villager (Male) |
| 16:43 | Build | Farm |
| 17:01 | Build | Mill |
| 17:05 | Build | Farm |
| 17:06 | Build | Farm |
| 17:08 | Build | Farm |
| 17:10 | Build | Farm |
| 17:15 | Research | Bloodlines |
| 17:19 | Research | Forging |
| 17:19 | Research | Scale Barding Armor |
| 17:46 | Create | Villager (Male) |
| 17:48 | Research | Town Watch |
| 19:42 | Research | Castle Age |
| 19:59 | Build | Mining Camp |
| 22:35 | Build | Town Center |
| 22:47 | Build | Town Center |
| 22:55 | Create | Villager (Male) ×5 |
| 23:07 | Build | Town Center |
| 23:22 | Build | Castle |
| 23:55 | Research | Heavy Plow |
| 24:25 | Create | Villager (Male) |
| 24:52 | Create | Villager (Male) |
| 24:53 | Create | Villager (Male) |
| 24:53 | Create | Villager (Male) |
| 25:09 | Create | Villager (Male) |
| 25:10 | Create | Villager (Male) |
| 25:19 | Research | Bow Saw |
| 25:21 | Create | Villager (Male) ×5 |
| 25:31 | Create | Villager (Male) ×5 |
| 26:31 | Build | Town Center |
| 26:37 | Research | Hand Cart |
| 26:38 | Create | Villager (Male) ×5 |
| 27:08 | Build | Market |
| 27:31 | Build | Mining Camp |
| 27:43 | Create | Villager (Male) ×5 |
| 27:45 | Create | Villager (Male) ×5 |
| 28:04 | Research | Szlachta Privileges |
| 28:27 | Build | Lumber Camp |
| 28:34 | Build | Lumber Camp |
| 28:40 | Build | Lumber Camp |
| 28:48 | Build | Lumber Camp |
| 28:53 | Create | Villager (Male) ×5 |
| 29:06 | Research | Scale Barding Armor |
| 29:18 | Create | Villager (Male) |
| 29:18 | Create | Villager (Male) |
| 29:19 | Create | Villager (Male) |
| 29:36 | Build | Mill |
| 29:41 | Build | Farm |
| 29:42 | Build | Farm |
| 29:43 | Build | Farm |
| 29:45 | Build | Farm |
| 29:57 | Build | Mill |
| 30:02 | Build | Farm |
| 30:03 | Build | Farm |
| 30:05 | Build | Farm |
| 30:09 | Create | Villager (Male) |
| 30:09 | Create | Villager (Male) |
| 30:10 | Create | Villager (Male) |
| 30:10 | Create | Villager (Male) |
| 30:10 | Create | Villager (Male) |
| 30:10 | Create | Villager (Male) |
| 30:30 | Build | Mill |
| 30:38 | Build | Farm |
| 30:39 | Build | Farm |
| 30:58 | Create | Villager (Male) ×5 |
| 31:04 | Build | Castle |
| 31:14 | Research | Husbandry |
| 31:15 | Create | Knight ×3 |
| 31:24 | Build | Stable |
| 31:26 | Build | Stable |
| 31:36 | Build | Stable |
| 31:58 | Build | Mining Camp |
| 32:10 | Create | Villager (Male) |
| 32:10 | Create | Villager (Male) |
| 32:10 | Create | Villager (Male) |
| 32:11 | Create | Villager (Male) |
| 32:11 | Create | Villager (Male) |
| 32:11 | Create | Villager (Male) |
| 32:51 | Build | Siege Workshop |
| 32:53 | Build | Siege Workshop |
| 32:58 | Create | Villager (Male) ×5 |
| 33:15 | Build | House |
| 33:17 | Build | House |
| 33:18 | Build | House |
| 33:19 | Build | House |
| 33:20 | Build | House |
| 33:21 | Build | House |
| 33:21 | Build | House |
| 33:23 | Build | House |
| 33:24 | Build | House |
| 33:24 | Build | House |
| 33:27 | Build | House |
| 33:28 | Build | House |
| 33:31 | Build | Mining Camp |
| 33:50 | Build | Stable |
| 33:51 | Build | Stable |
| 33:52 | Build | Stable |
| 33:54 | Build | Stable |
| 34:00 | Create | Knight ×5 |
| 34:04 | Research | Chain Barding Armor |
| 34:05 | Research | Iron Casting |
| 34:08 | Create | Knight ×3 |
| 34:09 | Create | Knight ×3 |
| 34:25 | Create | Battering Ram |
Build order — Fedexxb4
First 150 of 344 actions detected
| 1:36 | Build | Town Center |
| 2:30 | Create | Villager (Male) |
| 2:31 | Create | Villager (Male) |
| 2:31 | Create | Villager (Male) |
| 3:00 | Build | House |
| 3:02 | Build | House |
| 3:13 | Research | Loom |
| 4:02 | Build | House |
| 4:29 | Create | Villager (Male) |
| 4:30 | Create | Villager (Male) |
| 4:30 | Create | Villager (Male) |
| 5:07 | Build | Mill |
| 5:32 | Build | Lumber Camp |
| 5:35 | Create | Villager (Male) |
| 5:35 | Create | Villager (Male) |
| 5:53 | Create | Villager (Male) |
| 6:08 | Create | Villager (Male) |
| 7:07 | Create | Villager (Male) |
| 7:07 | Create | Villager (Male) |
| 7:16 | Build | House |
| 7:17 | Build | House |
| 7:57 | Build | Farm |
| 8:12 | Create | Villager (Male) |
| 8:22 | Build | Farm |
| 8:32 | Create | Villager (Male) |
| 9:13 | Research | Feudal Age |
| 9:37 | Build | Mining Camp |
| 9:59 | Create | Villager (Male) |
| 10:00 | Create | Villager (Male) |
| 10:00 | Create | Villager (Male) |
| 10:05 | Create | Villager (Male) |
| 10:50 | Build | Farm |
| 10:56 | Build | Farm |
| 11:16 | Build | Barracks |
| 11:33 | Create | Villager (Male) |
| 11:48 | Build | Farm |
| 11:52 | Build | Farm |
| 11:55 | Build | Farm |
| 12:12 | Build | Farm |
| 12:16 | Build | Farm |
| 12:20 | Research | Horse Collar |
| 12:31 | Build | House |
| 12:35 | Build | House |
| 12:49 | Create | Villager (Male) |
| 12:50 | Create | Villager (Male) |
| 13:05 | Build | Farm |
| 13:09 | Build | Farm |
| 13:44 | Build | House |
| 13:45 | Build | House |
| 13:58 | Build | Farm |
| 14:05 | Create | Villager (Male) |
| 14:05 | Create | Villager (Male) |
| 14:19 | Build | Farm |
| 14:55 | Build | Mill |
| 14:58 | Create | Villager (Male) |
| 14:59 | Create | Villager (Male) |
| 15:02 | Create | Villager (Male) |
| 15:02 | Create | Villager (Male) |
| 15:30 | Create | Spearman |
| 15:30 | Create | Spearman |
| 15:34 | Create | Spearman |
| 15:34 | Create | Spearman |
| 15:35 | Create | Spearman |
| 16:08 | Build | Market |
| 16:25 | Create | Villager (Male) |
| 16:33 | Build | Mining Camp |
| 16:44 | Create | Villager (Male) |
| 16:45 | Create | Villager (Male) |
| 16:48 | Create | Villager (Male) |
| 16:48 | Create | Villager (Male) |
| 17:04 | Build | Stable |
| 17:16 | Build | Blacksmith |
| 17:35 | Build | Farm |
| 17:44 | Create | Villager (Male) |
| 17:45 | Create | Villager (Male) |
| 18:20 | Build | Farm |
| 18:36 | Build | Farm |
| 18:49 | Create | Scout Cavalry |
| 18:50 | Create | Scout Cavalry |
| 18:52 | Research | Bloodlines |
| 18:53 | Create | Scout Cavalry |
| 18:53 | Create | Scout Cavalry |
| 19:11 | Build | Farm |
| 19:19 | Build | Farm |
| 20:18 | Research | Castle Age |
| 21:43 | Build | House |
| 21:44 | Build | House |
| 21:46 | Build | House |
| 21:47 | Build | House |
| 21:51 | Build | House |
| 23:08 | Create | Monk |
| 23:29 | Create | Villager (Male) |
| 23:29 | Create | Villager (Male) |
| 23:29 | Create | Villager (Male) |
| 23:30 | Create | Villager (Male) |
| 23:32 | Create | Villager (Male) |
| 23:32 | Create | Villager (Male) |
| 23:41 | Build | Town Center |
| 23:47 | Create | Monk |
| 24:23 | Research | Gold Mining |
| 24:29 | Create | Knight |
| 24:32 | Create | Knight |
| 24:47 | Build | House |
| 25:24 | Research | Scale Barding Armor |
| 25:45 | Create | Knight |
| 26:27 | Create | Villager (Male) |
| 26:27 | Create | Villager (Male) |
| 26:27 | Create | Villager (Male) |
| 26:29 | Create | Villager (Male) |
| 26:30 | Create | Villager (Male) |
| 26:30 | Create | Villager (Male) |
| 26:30 | Create | Villager (Male) |
| 26:30 | Create | Villager (Male) |
| 26:31 | Create | Villager (Male) |
| 26:44 | Build | House |
| 26:47 | Build | House |
| 26:48 | Build | House |
| 27:05 | Research | Wheelbarrow |
| 27:06 | Research | Town Watch |
| 27:11 | Create | Knight |
| 27:11 | Create | Knight |
| 27:12 | Research | Husbandry |
| 27:29 | Build | Monastery |
| 27:34 | Create | Knight |
| 27:34 | Create | Knight |
| 28:28 | Build | Farm |
| 28:37 | Build | Farm |
| 28:41 | Build | Farm |
| 28:44 | Build | Farm |
| 28:45 | Create | Villager (Male) |
| 28:45 | Create | Villager (Male) |
| 28:45 | Create | Villager (Male) |
| 28:54 | Build | House |
| 28:55 | Build | House |
| 28:56 | Build | House |
| 29:37 | Research | Chain Barding Armor |
| 29:41 | Create | Knight |
| 29:41 | Create | Knight |
| 29:42 | Create | Knight |
| 29:45 | Create | Villager (Male) |
| 29:45 | Create | Villager (Male) |
| 29:48 | Create | Villager (Male) |
| 29:48 | Create | Villager (Male) |
| 30:13 | Create | Knight |
| 30:13 | Create | Knight |
| 30:22 | Build | University |
| 30:25 | Build | House |
| 30:50 | Create | Knight |
| 30:50 | Create | Knight |
| 30:52 | Create | Battle Elephant |
Build order — cdjkys
First 150 of 282 actions detected
| 3:59 | Build | Town Center |
| 5:21 | Create | Villager (Male) |
| 5:25 | Build | House |
| 5:45 | Build | House |
| 5:56 | Create | Villager (Male) |
| 6:12 | Build | House |
| 6:17 | Create | Villager (Male) |
| 6:48 | Create | Villager (Male) |
| 7:07 | Create | Villager (Male) |
| 7:25 | Build | Mill |
| 7:29 | Create | Villager (Male) |
| 8:01 | Create | Villager (Male) |
| 8:26 | Create | Villager (Male) |
| 8:59 | Build | Mining Camp |
| 9:01 | Create | Villager (Male) |
| 9:28 | Create | Villager (Male) |
| 9:37 | Research | Feudal Age |
| 9:37 | Research | Feudal Age |
| 10:08 | Build | Palisade Wall |
| 10:53 | Build | Barracks |
| 11:16 | Create | Villager (Male) |
| 11:23 | Build | House |
| 11:33 | Build | Lumber Camp |
| 11:52 | Create | Villager (Male) |
| 11:53 | Create | Militia |
| 12:09 | Research | Double-Bit Axe |
| 12:09 | Research | Double-Bit Axe |
| 12:09 | Research | Double-Bit Axe |
| 12:39 | Create | Villager (Male) |
| 12:41 | Build | Farm |
| 12:43 | Build | Farm |
| 13:09 | Create | Villager (Male) |
| 13:23 | Create | Villager (Male) |
| 13:36 | Build | Farm |
| 13:36 | Build | Farm |
| 13:44 | Create | Villager (Male) |
| 14:00 | Build | House |
| 14:06 | Create | Villager (Male) |
| 14:27 | Build | House |
| 14:29 | Build | House |
| 14:30 | Build | Palisade Wall |
| 14:32 | Build | Palisade Gate |
| 14:41 | Build | Lumber Camp |
| 14:43 | Create | Villager (Male) |
| 14:51 | Build | Palisade Wall |
| 14:53 | Build | Palisade Gate |
| 15:30 | Create | Villager (Male) |
| 15:47 | Create | Villager (Male) |
| 15:58 | Build | Palisade Wall |
| 16:00 | Build | Building 796 |
| 16:19 | Build | Farm |
| 16:21 | Build | Farm |
| 16:22 | Build | Farm |
| 16:23 | Create | Villager (Male) |
| 16:38 | Build | Palisade Wall |
| 16:44 | Build | House |
| 16:46 | Build | House |
| 16:48 | Build | House |
| 17:05 | Create | Villager (Male) |
| 17:22 | Create | Militia |
| 17:27 | Create | Villager (Male) |
| 17:44 | Build | Farm |
| 17:46 | Build | Farm |
| 18:20 | Create | Villager (Male) |
| 18:47 | Create | Villager (Male) |
| 19:10 | Create | Villager (Male) |
| 19:23 | Create | Militia |
| 19:41 | Create | Villager (Male) |
| 19:58 | Create | Villager (Male) |
| 20:23 | Build | Market |
| 20:29 | Build | Palisade Wall |
| 20:33 | Build | Palisade Gate |
| 20:37 | Build | Palisade Wall |
| 20:39 | Build | Palisade Wall |
| 20:46 | Create | Villager (Male) |
| 21:02 | Build | Stable |
| 21:08 | Build | Stable |
| 21:10 | Build | Stable |
| 21:13 | Build | Farm |
| 21:14 | Build | Farm |
| 21:15 | Build | Farm |
| 21:16 | Build | Farm |
| 21:17 | Build | Farm |
| 21:24 | Build | Farm |
| 21:26 | Create | Villager (Male) |
| 21:41 | Build | House |
| 21:43 | Build | House |
| 21:44 | Build | House |
| 21:46 | Build | House |
| 21:53 | Create | Villager (Male) |
| 22:25 | Create | Villager (Male) |
| 22:59 | Research | Castle Age |
| 22:59 | Research | Castle Age |
| 23:15 | Research | Gold Mining |
| 23:15 | Research | Stone Mining |
| 23:15 | Research | Gold Mining |
| 23:57 | Build | Stone Wall |
| 23:58 | Build | Building 673 |
| 24:17 | Build | Stable |
| 24:28 | Build | House |
| 24:33 | Build | Stone Wall |
| 24:36 | Build | Building 487 |
| 24:40 | Create | Scout Cavalry |
| 24:40 | Create | Scout Cavalry |
| 24:41 | Create | Scout Cavalry |
| 24:44 | Build | Farm |
| 25:02 | Create | Spearman |
| 25:19 | Build | Stone Wall |
| 25:21 | Build | Building 487 |
| 25:23 | Build | Stone Wall |
| 25:27 | Create | Villager (Male) |
| 25:48 | Build | Town Center |
| 25:57 | Create | Villager (Male) |
| 26:05 | Create | Villager (Male) |
| 26:07 | Create | Knight |
| 26:08 | Create | Knight |
| 26:08 | Create | Knight |
| 26:21 | Create | Villager (Male) |
| 26:25 | Build | Town Center |
| 26:33 | Create | Villager (Male) |
| 26:34 | Create | Villager (Male) |
| 26:38 | Create | Knight |
| 26:39 | Create | Knight |
| 26:40 | Research | Husbandry |
| 26:41 | Create | Knight |
| 26:43 | Create | Villager (Male) |
| 26:43 | Create | Villager (Male) |
| 26:52 | Build | Farm |
| 27:09 | Create | Villager (Male) |
| 27:16 | Create | Knight |
| 27:24 | Create | Villager (Male) |
| 27:33 | Build | Stone Wall |
| 27:36 | Build | Stone Wall |
| 27:38 | Build | Stone Wall |
| 27:40 | Build | Stone Wall |
| 27:41 | Build | Stone Wall |
| 27:43 | Build | Stone Wall |
| 27:44 | Build | Stone Wall |
| 27:44 | Build | Stone Wall |
| 27:47 | Build | Building 487 |
| 27:51 | Create | Villager (Male) |
| 27:51 | Create | Villager (Male) |
| 27:54 | Create | Knight |
| 27:54 | Create | Knight |
| 27:55 | Create | Knight |
| 27:58 | Create | Villager (Male) |
| 28:10 | Build | Town Center |
| 28:35 | Create | Villager (Male) |
| 28:35 | Create | Villager (Male) |
| 28:41 | Create | Villager (Male) |
Build order — PSYCHOPATH
First 150 of 268 actions detected
| 1:42 | Build | Town Center |
| 3:04 | Create | Villager (Male) |
| 3:04 | Create | Villager (Male) |
| 3:10 | Build | House |
| 3:45 | Build | House |
| 4:30 | Build | Mill |
| 4:38 | Create | Villager (Male) |
| 4:38 | Create | Villager (Male) |
| 4:38 | Create | Villager (Male) |
| 6:11 | Build | Dock |
| 6:31 | Create | Villager (Male) |
| 6:31 | Create | Villager (Male) |
| 6:58 | Create | Fishing Ship |
| 7:37 | Build | House |
| 7:59 | Build | Farm |
| 8:05 | Build | Farm |
| 8:12 | Build | Farm |
| 8:14 | Create | Villager (Male) |
| 8:14 | Create | Villager (Male) |
| 8:27 | Build | Farm |
| 8:35 | Build | House |
| 8:46 | Build | Farm |
| 8:53 | Build | Farm |
| 8:56 | Create | Fishing Ship |
| 9:21 | Build | Farm |
| 9:29 | Build | Farm |
| 9:37 | Create | Villager (Male) |
| 9:37 | Create | Villager (Male) |
| 9:47 | Create | Fishing Ship |
| 10:17 | Create | Fishing Ship |
| 10:57 | Create | Fishing Ship |
| 11:03 | Create | Fishing Ship |
| 11:18 | Build | House |
| 11:48 | Research | Feudal Age |
| 11:58 | Create | Fishing Ship |
| 12:05 | Build | House |
| 12:23 | Build | Farm |
| 13:58 | Research | Horse Collar |
| 13:59 | Research | Horse Collar |
| 14:02 | Research | Double-Bit Axe |
| 14:08 | Create | Villager (Male) |
| 14:09 | Create | Villager (Male) |
| 14:09 | Create | Villager (Male) |
| 14:19 | Create | Fire Galley |
| 14:52 | Research | Tech 906 |
| 14:59 | Create | Villager (Male) |
| 15:32 | Build | Mining Camp |
| 15:37 | Create | Villager (Male) |
| 15:38 | Create | Villager (Male) |
| 16:57 | Build | Mining Camp |
| 17:25 | Create | Villager (Male) |
| 17:25 | Create | Villager (Male) |
| 17:25 | Create | Villager (Male) |
| 17:26 | Create | Villager (Male) |
| 18:04 | Build | House |
| 18:19 | Build | House |
| 18:29 | Research | Wheelbarrow |
| 18:49 | Build | Market |
| 19:01 | Build | Blacksmith |
| 19:18 | Build | Barracks |
| 19:26 | Build | Barracks |
| 19:35 | Research | Stone Mining |
| 20:07 | Research | Castle Age |
| 20:19 | Research | Gold Mining |
| 20:27 | Build | Stable |
| 21:20 | Build | Archery Range |
| 21:53 | Build | Dock |
| 22:18 | Create | Scout Cavalry |
| 22:19 | Create | Scout Cavalry |
| 22:27 | Build | Farm |
| 22:51 | Research | Gillnets |
| 23:04 | Create | Monk |
| 23:07 | Create | Monk |
| 23:32 | Research | Bloodlines |
| 23:34 | Create | Scout Cavalry |
| 23:37 | Research | Husbandry |
| 23:45 | Research | Heavy Plow |
| 23:52 | Research | Bow Saw |
| 24:01 | Create | Fishing Ship |
| 24:51 | Build | Farm |
| 25:25 | Build | Lumber Camp |
| 25:46 | Build | Town Center |
| 25:55 | Create | Scout Cavalry |
| 25:59 | Research | Stone Shaft Mining |
| 26:09 | Create | Villager (Male) ×5 |
| 27:31 | Research | Fervor |
| 27:59 | Build | House |
| 28:07 | Build | House |
| 28:32 | Build | Town Center |
| 28:37 | Create | Villager (Male) ×5 |
| 28:38 | Create | Villager (Male) ×5 |
| 28:46 | Build | House |
| 28:48 | Build | House |
| 28:49 | Build | House |
| 28:50 | Build | House |
| 29:21 | Research | Fletching |
| 29:22 | Research | Forging |
| 29:23 | Research | Scale Barding Armor |
| 29:25 | Research | Scale Mail Armor |
| 29:31 | Create | Scout Cavalry |
| 29:32 | Create | Scout Cavalry |
| 30:05 | Build | Stone Wall |
| 30:51 | Create | Knight |
| 30:51 | Create | Knight |
| 31:35 | Create | Villager (Male) ×5 |
| 31:36 | Create | Villager (Male) ×5 |
| 31:40 | Create | Villager (Male) ×5 |
| 32:29 | Build | Castle |
| 32:52 | Create | Villager (Male) ×5 |
| 32:53 | Create | Villager (Male) ×5 |
| 33:20 | Build | University |
| 33:38 | Build | Siege Workshop |
| 33:49 | Research | Hand Cart |
| 33:52 | Research | Town Watch |
| 34:03 | Research | Murder Holes |
| 34:04 | Research | Treadmill Crane |
| 34:06 | Research | Masonry |
| 34:08 | Research | Ballistics |
| 34:35 | Research | Imperial Age |
| 34:48 | Build | Siege Workshop |
| 34:55 | Create | Organ Gun |
| 35:14 | Build | Barracks |
| 35:26 | Create | Villager (Male) ×5 |
| 35:47 | Create | Villager (Male) ×5 |
| 35:47 | Create | Villager (Male) ×5 |
| 35:57 | Create | Villager (Male) |
| 35:57 | Create | Villager (Male) |
| 35:57 | Create | Villager (Male) |
| 35:58 | Create | Villager (Male) |
| 36:09 | Build | Barracks |
| 36:16 | Create | Battering Ram |
| 36:57 | Build | Stone Wall |
| 37:07 | Build | Stone Wall |
| 37:10 | Build | Building 490 |
| 37:24 | Create | Spearman ×5 |
| 38:03 | Build | Stable |
| 38:24 | Create | Spearman |
| 38:24 | Create | Spearman |
| 38:29 | Create | Organ Gun |
| 39:04 | Build | Mining Camp |
| 39:14 | Create | Battering Ram |
| 39:29 | Build | Barracks |
| 39:45 | Build | House |
| 39:46 | Build | House |
| 39:49 | Build | House |
| 39:50 | Build | House |
| 39:52 | Build | House |
| 39:58 | Create | Villager (Male) ×5 |
| 40:04 | Create | Villager (Male) ×5 |
| 40:13 | Build | Barracks |
Build order — 3229727882
First 150 of 533 actions detected
| 1:42 | Build | Mill |
| 2:23 | Build | Town Center |
| 3:28 | Build | Lumber Camp |
| 4:19 | Create | Villager (Male) |
| 4:20 | Create | Villager (Male) |
| 4:20 | Create | Villager (Male) |
| 4:20 | Create | Villager (Male) |
| 4:28 | Build | House |
| 4:29 | Build | House |
| 4:31 | Build | House |
| 5:22 | Create | Villager (Male) |
| 6:17 | Build | Dock |
| 6:22 | Build | House |
| 6:32 | Create | Villager (Male) |
| 7:05 | Create | Fishing Ship |
| 7:22 | Build | House |
| 7:24 | Build | House |
| 7:27 | Create | Fishing Ship |
| 7:44 | Create | Villager (Male) |
| 7:53 | Create | Fishing Ship |
| 8:31 | Build | Dock |
| 8:56 | Build | Mill |
| 9:15 | Create | Villager (Male) |
| 9:16 | Create | Villager (Male) |
| 9:23 | Create | Fishing Ship |
| 9:23 | Create | Fishing Ship |
| 9:58 | Create | Fishing Ship |
| 10:06 | Create | Fishing Ship |
| 10:28 | Build | Farm |
| 10:37 | Create | Villager (Male) |
| 10:53 | Create | Fishing Ship |
| 10:57 | Create | Fishing Ship |
| 11:09 | Create | Fishing Ship |
| 11:23 | Build | Farm |
| 11:26 | Create | Villager (Male) |
| 12:06 | Create | Transport Ship |
| 12:48 | Create | Fishing Ship |
| 13:26 | Create | Fishing Ship |
| 13:35 | Build | Farm |
| 13:51 | Create | Fishing Ship |
| 13:59 | Research | Feudal Age |
| 14:03 | Create | Fishing Ship |
| 14:41 | Build | Farm |
| 14:42 | Create | Villager (Male) |
| 15:53 | Build | House |
| 15:55 | Build | House |
| 16:20 | Research | Wheelbarrow |
| 16:22 | Research | Double-Bit Axe |
| 16:28 | Research | Horse Collar |
| 16:32 | Create | Villager (Male) |
| 17:33 | Create | Fire Galley |
| 17:42 | Create | Unit 2626 |
| 17:58 | Build | Blacksmith |
| 18:16 | Build | Barracks |
| 18:28 | Build | Farm |
| 19:48 | Create | Villager (Male) |
| 20:11 | Build | Market |
| 20:37 | Build | Lumber Camp |
| 20:42 | Create | Villager (Male) |
| 20:43 | Create | Villager (Male) |
| 20:43 | Create | Villager (Male) |
| 20:52 | Build | House |
| 20:54 | Build | House |
| 20:57 | Build | House |
| 21:49 | Build | Archery Range |
| 22:05 | Create | Villager (Male) |
| 22:15 | Build | Farm |
| 22:18 | Build | Farm |
| 22:22 | Build | Farm |
| 22:25 | Build | Farm |
| 22:26 | Build | Farm |
| 22:36 | Build | Farm |
| 22:59 | Create | Unit 2626 |
| 23:07 | Create | Villager (Male) |
| 23:08 | Create | Villager (Male) |
| 23:15 | Build | House |
| 23:19 | Build | House |
| 23:55 | Create | Villager (Male) |
| 25:05 | Create | Villager (Male) |
| 25:16 | Create | Villager (Male) |
| 25:22 | Build | House |
| 25:30 | Create | Skirmisher |
| 25:31 | Create | Skirmisher |
| 25:31 | Create | Skirmisher |
| 25:31 | Create | Skirmisher |
| 25:32 | Create | Skirmisher |
| 25:32 | Create | Skirmisher |
| 25:32 | Create | Skirmisher |
| 25:33 | Create | Skirmisher |
| 25:33 | Create | Skirmisher |
| 25:33 | Create | Skirmisher |
| 25:39 | Research | Padded Archer Armor |
| 25:51 | Create | Villager (Male) |
| 26:29 | Create | Villager (Male) |
| 28:37 | Research | Castle Age |
| 28:59 | Create | Unit 2626 |
| 29:03 | Create | Galley |
| 29:04 | Create | Fire Galley |
| 29:33 | Build | Farm |
| 29:36 | Build | Farm |
| 29:45 | Research | Fletching |
| 30:02 | Build | Mining Camp |
| 31:28 | Research | Bodkin Arrow |
| 31:40 | Research | Hand Cart |
| 31:54 | Build | Mining Camp |
| 32:20 | Research | Bow Saw |
| 32:25 | Research | Heavy Plow |
| 32:41 | Create | Villager (Male) |
| 32:42 | Create | Villager (Male) |
| 32:42 | Create | Villager (Male) |
| 33:20 | Build | Siege Workshop |
| 33:36 | Build | University |
| 33:52 | Create | Galley |
| 34:11 | Build | Town Center |
| 34:47 | Create | Villager (Male) |
| 34:50 | Create | Villager (Male) |
| 35:35 | Build | Archery Range |
| 36:06 | Build | Archery Range |
| 36:10 | Build | Archery Range |
| 36:21 | Research | Imperial Age |
| 36:30 | Create | Villager (Male) |
| 36:30 | Create | Villager (Male) |
| 36:30 | Create | Villager (Male) |
| 36:31 | Create | Villager (Male) |
| 36:51 | Research | Gold Mining |
| 36:52 | Research | Stone Mining |
| 37:35 | Build | Stone Wall |
| 37:49 | Research | Gold Shaft Mining |
| 37:55 | Research | Leather Archer Armor |
| 38:00 | Create | Skirmisher |
| 38:00 | Create | Skirmisher |
| 38:02 | Create | Skirmisher |
| 38:02 | Create | Skirmisher |
| 38:03 | Create | Skirmisher |
| 38:03 | Create | Skirmisher |
| 38:14 | Create | Villager (Male) |
| 38:14 | Create | Villager (Male) |
| 38:14 | Create | Villager (Male) |
| 38:15 | Create | Villager (Male) |
| 38:20 | Build | House |
| 38:25 | Build | House |
| 38:28 | Build | House |
| 38:29 | Build | House |
| 38:34 | Build | House |
| 38:49 | Research | Elite Skirmisher (upgrade) |
| 38:57 | Create | Villager (Male) |
| 38:58 | Create | Villager (Male) |
| 39:05 | Create | Villager (Male) |
| 39:05 | Create | Villager (Male) |
| 39:06 | Create | Villager (Male) |
Match timeline
| 3:52 | r · first_building Dock |
| 6:11 | PSYCHOPATH · first_building Dock |
| 6:17 | 3229727882 · first_building Dock |
| 9:04 | Debra · first_building Barracks |
| 9:25 | kamikaze21_ · first_building Dock |
| 10:08 | cdjkys · wall_segment Palisade Wall x1 |
| 10:53 | cdjkys · first_building Barracks |
| 11:16 | Fedexxb4 · first_building Barracks |
| 14:24 | r · first_building Barracks |
| 14:30 | cdjkys · wall_segment Palisade Wall x3 |
| 14:41 | Debra · first_building Stable |
| 14:51 | cdjkys · wall_segment Palisade Wall x2 |
| 14:54 | kamikaze21_ · first_market_sell 500 stone |
| 14:55 | kamikaze21_ · first_market_buy 500 food |
| 15:58 | cdjkys · wall_segment Palisade Wall x7 |
| 16:38 | cdjkys · wall_segment Palisade Wall x10 |
| 17:04 | Fedexxb4 · first_building Stable |
| 17:42 | r · first_building Archery Range |
| 18:16 | 3229727882 · first_building Barracks |
| 19:18 | PSYCHOPATH · first_building Barracks |
| 19:32 | Mr Duddz · wall_segment Palisade Wall x27 |
| 19:39 | kamikaze21_ · first_building Barracks |
| 20:27 | PSYCHOPATH · first_building Stable |
| 20:29 | cdjkys · wall_segment Palisade Wall x4 |
| 20:35 | kamikaze21_ · first_building Stable |
| 20:37 | cdjkys · wall_segment Palisade Wall x1 |
| 20:39 | cdjkys · wall_segment Palisade Wall x1 |
| 21:02 | cdjkys · first_building Stable |
| 21:20 | PSYCHOPATH · first_building Archery Range |
| 21:26 | Mr Duddz · first_building Barracks |
| 21:49 | 3229727882 · first_building Archery Range |
| 22:22 | Mr Duddz · first_building Stable |
| 22:56 | cdjkys · first_market_sell 100 food |
| 23:22 | Debra · first_building Castle |
| 23:57 | cdjkys · wall_segment Stone Wall x8 |
| 24:33 | cdjkys · wall_segment Stone Wall x3 |
| 25:19 | cdjkys · wall_segment Stone Wall x3 |
| 25:23 | cdjkys · wall_segment Stone Wall x1 |
| 25:48 | Mr Duddz · first_building Castle |
| 27:20 | kamikaze21_ · wall_segment Stone Wall x4 |
| 27:29 | Fedexxb4 · first_building Monastery |
| 27:33 | cdjkys · wall_segment Stone Wall x1 |
| 27:36 | cdjkys · wall_segment Stone Wall x3 |
| 27:38 | cdjkys · wall_segment Stone Wall x3 |
| 27:40 | cdjkys · wall_segment Stone Wall x1 |
| 27:41 | cdjkys · wall_segment Stone Wall x1 |
| 27:43 | cdjkys · wall_segment Stone Wall x1 |
| 27:44 | cdjkys · wall_segment Stone Wall x1 |
| 27:44 | cdjkys · wall_segment Stone Wall x1 |
| 27:54 | Debra · first_market_sell 100 wood |
| 28:39 | r · first_market_sell 100 food |
| 30:05 | PSYCHOPATH · wall_segment Stone Wall x10 |
| 31:19 | cdjkys · first_building Siege Workshop |
| 31:43 | r · wall_segment Palisade Wall x9 |
| 32:20 | cdjkys · first_building Monastery |
| 32:29 | cdjkys · wall_segment Stone Wall x1 |
| 32:29 | PSYCHOPATH · first_building Castle |
| 32:30 | cdjkys · wall_segment Stone Wall x1 |
| 32:31 | cdjkys · wall_segment Stone Wall x1 |
| 32:42 | cdjkys · wall_segment Stone Wall x6 |
| 32:51 | Debra · first_building Siege Workshop |
| 32:54 | cdjkys · first_building Castle |
| 33:20 | 3229727882 · first_building Siege Workshop |
| 33:38 | PSYCHOPATH · first_building Siege Workshop |
| 33:57 | kamikaze21_ · first_building Castle |
| 33:58 | r · wall_segment Palisade Wall x8 |
| 35:45 | r · first_building Monastery |
| 36:57 | PSYCHOPATH · wall_segment Stone Wall x1 |
| 37:07 | PSYCHOPATH · wall_segment Stone Wall x4 |
| 37:35 | 3229727882 · wall_segment Stone Wall x24 |
| 38:20 | cdjkys · first_market_buy 100 stone |
| 39:03 | Fedexxb4 · first_building Castle |
| 40:49 | cdjkys · resign |
| 41:22 | r · first_building Castle |
| 41:37 | 3229727882 · first_building Castle |
| 44:44 | PSYCHOPATH · first_building Monastery |
| 50:14 | r · first_building Siege Workshop |
| 53:02 | PSYCHOPATH · wall_segment Stone Wall x5 |
| 60:24 | r · first_market_buy 100 stone |
[ AI ANALYSIS · 1 CREDIT ]
What really happened in this match?
Wolo.gg analyzes every decision: build order, eco, micro, common mistakes by bracket. Personalized analysis on WhatsApp or Discord in 30 seconds.
Civ guide
Cumans
Map guide
Pilgrims
Perfil
Mr Duddz